 Dungeon Crawl Stone Soup version 0.19-a0-1834-g6b7851e (webtiles) character file.

216 Miyamura the Insei (level 5, -1/33 HPs)
             Began as an Octopode Transmuter on Oct 8, 2016.
             Slain by a phantom (8 damage)
             ... on level 4 of the Dungeon.
             The game lasted 00:07:59 (4120 turns).

Miyamura the Insei (Octopode Transmuter)            Turns: 4120, Time: 00:08:00

Health: -1/33      AC:  1    Str: 11      XL:     5   Next: 93%
Magic:  12/18      EV: 14    Int: 15      God:
Gold:   133        SH:  0    Dex: 10 (12) Spells: 3 memorised, 3 levels left

rFire  . . .     SeeInvis .       - Unarmed
rCold  . . .     Gourm    .     (no shield)
rNeg   . . .     Faith    .     (helmet restricted)
rPois  .         Spirit   .     (no amulet)
rElec  .         Dismiss  .     j - ring of magical power
rCorr  .         Reflect  .     (no ring)
MR     .....     Harm     .     (no ring)
Stlth  +++.......               (no ring)
                                (no ring)
                                (no ring)
                                (no ring)
                                (no ring)

@: appendage, very slightly contaminated
A: almost no armour, stealthy swim, amphibious, 8 rings, constrict 8, tentacle
spike 3, camouflage 1, gelatinous body 1
a: End Transformation


You were on level 4 of the Dungeon.
You were hungry.
One of your tentacles had a temporary spike.
You visited 1 branch of the dungeon, and saw 4 of its levels.

You collected 133 gold pieces.

Inventory:

Missiles
 a - 58 arrows
Jewellery
 j - a ring of magical power (left tentacle)
Scrolls
 d - a scroll of enchant weapon {unknown}
 e - 8 scrolls of identify {unknown}
 g - 2 scrolls of enchant armour {unknown}
 h - a scroll of random uselessness {unknown}
 l - a scroll of noise {unknown}
 m - a scroll of teleportation {unknown}
 s - a scroll of magic mapping {unknown}
 u - 2 scrolls of remove curse {unknown}
Potions
 f - 2 potions of agility {unknown}
 i - a potion of invisibility
 k - a potion of mutation {unknown}
 p - 2 potions of brilliance {unknown}
 q - a potion of might {unknown}
 r - a potion of magic {unknown}
Books
 b - a book of Changes

   Spells                             Type                      Level
   a - Beastly Appendage              Transmutation                1
   b - Sticks to Snakes               Transmutation                2
   c - Spider Form                    Transmutation/Poison         3
   d - Ice Form                       Ice/Transmutation            4
   e - Blade Hands                    Transmutation                5
Comestibles
 c - 5 bread rations
 n - a meat ration
 o - 4 fruits
 t - 2 chunks of flesh


   Skills:
 - Level 1.4 Fighting
 + Level 3.3 Dodging
 - Level 1.5 Stealth
 + Level 3.9 Unarmed Combat
 + Level 2.7 Spellcasting
 + Level 3.1 Transmutations
 + Level 2.0 Poison Magic


You had 3 spell levels left.
You knew the following spells:

 Your Spells              Type           Power        Failure   Level  Hunger
a - Beastly Appendage     Tmut           ##....       8%          1    #......
s - Spider Form           Tmut/Pois      #.........   24%         3    ###....
t - Sticks to Snakes      Tmut           ##......     12%         2    ##.....


Dungeon Overview and Level Annotations

Branches:
Dungeon (4/15)
 Temple: D:4-7

Altars:
Trog


Innate Abilities, Weirdness & Mutations

You cannot wear most types of armour.
You are very stealthy in the water. (Stealth+)
You are amphibious.
You can wear up to eight rings at the same time.
You can use your tentacles to constrict eight enemies at once.
Your skin changes colour to match your surroundings (Stealth+).
Your rubbery body absorbs attacks. (AC +1, EV +1)
One of your tentacles bears a large vicious spike.


Message History

Your ball python bites the phantom but does no damage.
The phantom blinks!
You barely miss the phantom.
The phantom is lightly damaged.
Your adder bites the phantom but does no damage.
The phantom hits you.
Your adder bites the phantom.
You tentacle-slap the phantom.
You pierce the phantom, but do no damage.
The phantom is moderately damaged.
Your ball python bites the phantom.
The phantom hits you.
* * * LOW HITPOINT WARNING * * *
Your adder bites the phantom but does no damage.
Your adder bites the phantom.
Your ball python completely misses the phantom.
Casting: Beastly Appendage
Confirm with . or Enter, or press ? or * to list all spells.
You create a snake!
You now have 58 arrows.
Your adder bites the phantom but does no damage.
Your ball python bites the phantom.
The phantom hits you!
You die...

#...##########
#.#....(......
#.##.#...........
#>...............
############ #...........
#..........###...........
#..........#S....#+#.####
#..........#.....+ #
#(.........'@....#+#
#..........#.WS....#
#####.######.S.....# #.#
#.......# ###.# #########
##...### #......#
#......### #........#


You could see a phantom, a friendly adder and 2 friendly ball pythons.

Vanquished Creatures
  A centaur (D:3)
  3 adders
  An ooze (D:1)
  2 worms
  5 dart slugs
  A leopard gecko (D:2)
  4 giant cockroaches
  9 goblins
  10 hobgoblins
  7 jackals
  8 kobolds
  5 quokkas
  3 ball pythons
  14 bats
  3 frilled lizards
  11 rats
87 creatures vanquished.

Vanquished Creatures (collateral kills)
  An adder (D:2)
  A frilled lizard (D:2)
2 creatures vanquished.

Grand Total: 89 creatures vanquished

Notes
Turn   | Place    | Note
-------+----------+-------------------------------------------
     0 | D:1      | Miyamura the Octopode Transmuter began the quest for the Orb.
     0 | D:1      | Reached XP level 1. HP: 13/13 MP: 3/3
   135 | D:1      | Reached XP level 2. HP: 18/18 MP: 5/5
   519 | D:1      | Reached skill level 1 in Stealth
   690 | D:1      | Learned a level 2 spell: Sticks to Snakes
   699 | D:1      | Reached XP level 3. HP: 15/23 MP: 6/6
  1052 | D:1      | Learned a level 3 spell: Spider Form
  1697 | D:2      | Reached XP level 4. HP: 28/28 MP: 7/7
  2079 | D:2      | Reached skill level 1 in Poison Magic
  2854 | D:3      | Reached XP level 5. HP: 29/33 MP: 8/8
  3122 | D:3      | Noticed a centaur
  3138 | D:3      | Killed a centaur
  3603 | D:3      | Noticed a moth of wrath
  3605 | D:3      | Found a bloodstained altar of Trog.
  4091 | D:4      | Noticed a phantom
  4120 | D:4      | Slain by a phantom

Vault maps used:
D:1:      matt_arrival_spirals
D:2:      first_bread, minmay_small_reverse_x
D:3:      tgw_trog
D:4:      cheibrodos_ashenzari_chains, serial_shops, nicolae_shop_behind_doors

Skill      XL: |  1  2  3  4  5 |
---------------+----------------+-----
Stealth        | 1 |  1.5
Poison Magic   | 1 2 |  2.0
Dodging        | 3 |  3.3
Transmutations | 3 |  3.1
Fighting       | |  1.4
Unarmed Combat | |  3.9
Spellcasting   | |  2.7

Action                   |  1- 3 |  4- 6 || total
-------------------------+-------+-------++-------
Melee: Unarmed           |    77 |   152 ||   229
       Tentacles         |    14 |    16 ||    30
       Constrict         |    22 |    38 ||    60
       Punch             |     4 |     5 ||     9
       Kick              |     2 |     1 ||     3
 Cast: Beastly Appendage |     1 |     1 ||     2
       Sticks to Snakes  |     2 |    13 ||    15
  Use: Potion            |       |     2 ||     2
 Stab: Sleeping          |     8 |     5 ||    13
       Distracted        |       |     1 ||     1
  Eat: Chunk             |     2 |     7 ||     9
       Beef jerky        |       |     1 ||     1
Armor: Skin              |     9 |    12 ||    21
Dodge: Dodged            |    39 |   114 ||   153
